 Dungeon Crawl Stone Soup version 0.29-a0-1052-g6990b1bffc (webtiles) character file.

Game seed: 14379692236911271484

936 Plasmagod the Martial Artist (level 7, -3/52 HPs)
             Began as a Yellow Draconian Transmuter on Aug 17, 2022.
             Slain by an unseen horror (9 damage)
             ... on level 5 of the Dungeon.
             The game lasted 00:07:59 (6289 turns).

Plasmagod the Martial Artist (DrTm)                 Turns: 6289, Time: 00:08:00

Health: -3/52      AC:  6    Str: 12    XL:     7   Next: 87%
Magic:  10/10      EV: 12    Int: 15    God:
Gold:   292        SH:  0    Dex: 12    Spells: 9/10 levels left

rFire   . . .      SeeInvis .     - Unarmed
rCold   . . .      Faith    .   (no shield)
rNeg    . . .      Spirit   .   (body armour unavailable)
rPois   .          Reflect  .   (helmet restricted)
rElec   .          Harm     .   (no cloak)
rCorr   +          Rampage  .   (no gloves)
Will    +....                   (no boots)
Stlth   +.........              (no amulet)
HPRegen 0.17/turn               m - ring of willpower
MPRegen 0.12/turn               (no ring)

@: short of breath
A: spit acid, AC +6, unfitting armour, cold-blooded, acid resistance
a: Breathe Acid


You were on level 5 of the Dungeon.
You visited 1 branch of the dungeon, and saw 5 of its levels.

You collected 292 gold pieces.

Inventory:

Jewellery
 m - a ring of willpower (left hand)
 n - an amulet of guardian spirit
 s - an amulet of faith
 w - a ring of positive energy
Wands
 u - a wand of paralysis (5)
Scrolls
 b - 5 scrolls of teleportation
 c - 4 scrolls of identify
 d - a scroll of noise {unknown}
 e - a scroll of enchant armour {unknown}
 g - 3 scrolls of enchant weapon {unknown}
 j - a scroll of silence {unknown}
 l - 3 scrolls of fog {unknown}
 p - a scroll of immolation {unknown}
 q - a scroll of poison {unknown}
 r - 2 scrolls of blinking {unknown}
 t - 2 scrolls of torment {unknown}
 v - a scroll of magic mapping {unknown}
Potions
 a - 2 potions of lignification
 f - 2 potions of curing
 h - 3 potions of flight
 i - a potion of haste {unknown}
 k - a potion of heal wounds {unknown}
 o - a potion of brilliance {unknown}
 x - a potion of mutation {unknown}
 z - a potion of magic {unknown}
 A - a potion of resistance {unknown}


   Skills:
 - Level 1.1 Fighting
 - Level 1.7 Dodging
 + Level 9.6 Unarmed Combat
 - Level 2.0 Spellcasting
 - Level 2.0 Transmutations


You had 9 spell levels left.
You knew the following spells:

 Your Spells              Type           Power      Damage    Failure   Level
a - Beastly Appendage     Tmut           14%        N/A       10%         1

Your spell library contained the following spells:

 Spells                   Type           Power      Damage    Failure   Level
 Wereblood                Tmut           7%         N/A       14%         2
 Spider Form              Tmut/Pois      4%         N/A       41%         3
 Ice Form                 Ice/Tmut       4%         N/A       82%         4


Dungeon Overview and Level Annotations

Branches:
Dungeon (5/15)
 Temple: D:4-7

Altars:
Sif Muna
Yredelemnul

Annotations:
D:3 Jessica


Innate Abilities, Weirdness & Mutations

You can spit globs of acid.
Your golden yellow scales are hard. (AC +6)
You cannot fit into any form of body armour.
You are cold-blooded and may be slowed by cold attacks.
You are resistant to acid. (rCorr)


Message History

You hear an angry hiss.
You miss something. Your headbutt misses something.
You feel sick.
You hear two shouts!
Something hits you. Something hits you but does no damage.
An iguana comes into view.
You feel sick. Something hits you but does no damage.
The howler monkey closely misses you.
The howler monkey hits you but does no damage.
There is an open door, spattered with blood here.
The howler monkey attacks as you move away!
The howler monkey closely misses you.
You feel sick.
A two-headed ogre comes into view.
It is wielding a +0 giant spiked club and a +0 giant club.
Something hits you!
* * * LOW HITPOINT WARNING * * *
You hit something but do no damage.
Your transformation is almost over.
You feel sick. Something hits you.
* * * LOW HITPOINT WARNING * * *
You feel better. The howler monkey closely misses you. Something hits you.
* * * LOW HITPOINT WARNING * * *
The howler monkey hoots and howls with incredible vigour!
The howler monkey attacks as you move away!
The howler monkey hits you but does no damage.
There is an open door, spattered with blood here.
You see here a +0 giant spiked club.
You hit the howler monkey. You claw the howler monkey.
You tail-slap the howler monkey.
The howler monkey is lightly wounded.
The howler monkey closely misses you.
You closely miss the howler monkey.
The howler monkey is lightly wounded.
The howler monkey hits you but does no damage.
Your horns disappear.
Your talons disappear.
The howler monkey hoots and howls with incredible vigour!
There is an open door here.
Something hits you!
* * * LOW HITPOINT WARNING * * *
Something hits you but does no damage. Something hits you!
You die...

#...##.#O.#....#.#
#...##5###..>...###
##..#..# #.###÷...##
##'##)##+##.....##..#
#.........#.........###
#.8..8..8.#...####....#
#.....h...#...# #.##.†
#####'#####...####.####
#....@............# #
#........####'#######
#.).................#
###......###........#
#......# #........#
#......# #........#
#......# ##########
#......# #......#


There were no monsters in sight!

Vanquished Creatures
  A water moccasin (D:5)
  An ogre (D:5)
  A phantom (D:5)
  2 scorpions (D:5)
  A howler monkey (D:4)
  4 hounds
  A jelly (D:5)
  3 iguanas (D:5)
  11 adders
  7 gnolls
  A white imp (D:5)
  2 ufetubi (D:5)
  3 worms (D:2)
  2 dart slugs (D:2)
  11 orcs
  3 bats
  6 endoplasms
  5 giant cockroaches
  5 goblins
  9 hobgoblins
  4 jackals
  7 kobolds
  3 quokkas
  5 ball pythons
  3 frilled lizards
  3 rats
104 creatures vanquished.

Vanquished Creatures (others)
  A plant (D:1)
1 creature vanquished.

Grand Total: 105 creatures vanquished

Notes
Turn   | Place    | Note
-------+----------+-------------------------------------------
     0 | D:1      | Plasmagod the Draconian Transmuter began the quest for the
                  | Orb.
     0 | D:1      | Reached XP level 1. HP: 16/16 MP: 3/3
    91 | D:1      | Found a faded altar of an unknown god.
   323 | D:1      | Reached XP level 2. HP: 21/23 MP: 3/5
   960 | D:2      | Reached skill level 4 in Unarmed Combat
  1040 | D:2      | Reached XP level 3. HP: 24/28 MP: 3/6
  1058 | D:2      | Reached skill level 5 in Unarmed Combat
  1058 | D:2      | Reached XP level 4. HP: 15/35 MP: 5/7
  1403 | D:2      | Found a basalt altar of Yredelemnul.
  2124 | D:3      | Reached XP level 5. HP: 40/40 MP: 8/8
  2380 | D:3      | Noticed Jessica
  2387 | D:3      | Found a shimmering blue altar of Sif Muna.
  3026 | D:3      | Reached skill level 6 in Unarmed Combat
  3646 | D:4      | HP: 1/40 [gnoll/+0 halberd (11)]
  4178 | D:4      | Reached XP level 6. HP: 44/47 MP: 7/9
  4207 | D:4      | Reached skill level 7 in Unarmed Combat
  4750 | D:5      | Entered Level 5 of the Dungeon
  5549 | D:5      | Identified the +2 dagger "Ret Ezo" {venom, *Slow rPois rC+}
  5586 | D:5      | Reached skill level 8 in Unarmed Combat
  5586 | D:5      | Your scales start taking on a golden yellow colour.
  5586 | D:5      | Reached XP level 7. HP: 45/52 MP: 10/10
  5586 | D:5      | Gained mutation: You are resistant to acid. (rCorr) [Yellow
                  | Draconian growth]
  6031 | D:5      | Reached skill level 9 in Unarmed Combat
  6276 | D:5      | Noticed a two-headed ogre
  6289 | D:5      | Slain by an unseen horror

Illustrated notes

Levels and vault maps discovered:
D:1:      beargit_arrival_diablo_church, layout_loops_ring,
          shapermc_ecumenical_altar_flowoftime, hex_tiny
D:2:      layout_basic, basic_altar, minmay_joined_circles
D:3:      minmay_door_path, layout_basic, tgw_sif
D:4:      layout_cave_pods
D:5:      minmay_chambers_of_threes, layout_basic, minmay_temple_entry_fiery

Skill      XL: |  1  2  3  4  5  6  7 |
---------------+----------------------+-----
Unarmed Combat | 4 5 6 8 9 |  9.6
Fighting       | |  1.1
Dodging        | |  1.7
Spellcasting   | |  2.0
Transmutations | |  2.0

Action                   |  1- 3 |  4- 6 |  7- 9 || total
-------------------------+-------+-------+-------++-------
Melee: Unarmed           |    64 |   216 |    51 ||   331
       Headbutt          |     8 |    26 |     7 ||    41
       Tailslap          |     7 |    24 |     4 ||    35
       Kick              |     9 |    36 |    12 ||    57
       Punch             |       |     2 |       ||     2
 Cast: Beastly Appendage |    14 |    37 |    12 ||    63
 Abil: Breathe Acid      |       |       |     3 ||     3
  Use: Scroll            |       |       |     2 ||     2
       Potion            |       |       |     2 ||     2
 Stab: Sleeping          |       |     1 |     1 ||     2
Armor: Skin              |    12 |    69 |    17 ||    98
Dodge: Dodged            |    38 |   126 |    29 ||   193

Table legend: (Time is in decaauts)
 A = Elapsed time spent in this place.
 B = Non-inter-level travel time spent in this place.
 C = Inter-level travel time spent in this place.
 D = Time resting spent in this place.
 E = Time spent auto-exploring this place.
 F = Levels seen in this place.
 G = Mean time per level.
                   A        B        C        D        E       F      G
               +--------+--------+--------+--------+--------+-----+--------+
         Total |   6254 |   6122 |    132 |    387 |   4962 |   5 | 1250.8 |
       Dungeon |   6254 |   6122 |    132 |    387 |   4962 |   5 | 1250.8 |
               +--------+--------+--------+--------+--------+-----+--------+

Top non-repeatable levels by time:
     D:3: 1642 daAuts
     D:5: 1523 daAuts
     D:4: 1131 daAuts
     D:2: 1010 daAuts
     D:1: 946 daAuts
